 Dungeon Crawl Stone Soup version 0.26-a0-660-gc07710193c (webtiles) character file.

Game seed: 1319808793158352052

967 Decritt the Chopper (level 7, 63/63 HPs)
             Began as a Minotaur Berserker on Oct 6, 2020.
             Was a Priest of Trog.
             Quit the game on level 5 of the Dungeon.
             The game lasted 00:14:27 (4900 turns).

Decritt the Chopper (Minotaur Berserker)            Turns: 4900, Time: 00:14:28

Health: 63/63      AC: 15    Str: 23    XL:     7   Next: 93%
Magic:  0/6        EV:  8    Int:  4    God:    Trog [***...]
Gold:   210        SH:  0    Dex: 10    Spells: 6/6 levels left

rFire    . . .     SeeInvis +   (no weapon)
rCold    . . .     Faith    +   (no shield)
rNeg     . . .     Spirit   .   m - +0 plate armour
rPois    .         Reflect  .   (helmet restricted)
rElec    .         Harm     .   l - +0 cloak
rCorr    +         Rampage  .   (no gloves)
MR       .....                  o - +1 pair of boots
Stlth    ..........             b - amulet of faith
HPRegen  0.20/turn              y - ring of see invisible
MPRegen  0.10/turn              u - ring of resist corrosion

@: slowed, lost intelligence, very slow
A: retaliatory headbutt, horns 2
a: Berserk, Trog's Hand, Renounce Religion


You were on level 5 of the Dungeon.
You worshipped Trog.
Trog was most pleased with you.
You visited 1 branch of the dungeon, and saw 5 of its levels.

You collected 210 gold pieces.

Inventory:

Hand Weapons
 a - a +0 hand axe
Missiles
 k - 5 boomerangs (quivered)
Armour
 f - a +0 cloak of stealth
 l - a +0 cloak (worn)
 m - a +0 plate armour (worn)
 o - a +1 pair of boots (worn)
Jewellery
 b - an amulet of faith (around neck)
 g - an uncursed ring of stealth
 u - a ring of resist corrosion (right hand)
 y - a ring of see invisible (left hand)
 z - an uncursed amulet of magic regeneration {unknown}
Wands
 t - a wand of disintegration (14)
 A - a wand of iceblast (7)
 C - a wand of digging (6)
 E - a wand of polymorph (7)
Scrolls
 c - a scroll of fog
 n - a scroll of amnesia
 w - a scroll of magic mapping
 x - 2 scrolls of blinking
Potions
 d - 2 potions of might {unknown}
 e - 2 potions of flight {unknown}
 h - 2 potions of mutation
 i - a potion of stabbing {unknown}
 j - 3 potions of curing
 p - a potion of haste {unknown}
 q - a potion of resistance {unknown}
 r - a potion of degeneration {unknown}
 B - a potion of invisibility {unknown}
 D - a potion of brilliance {unknown}


   Skills:
 + Level 6.0 Fighting
 * Level 7.8 Axes
 + Level 5.4 Armour
 + Level 4.9 Dodging


You had 6 spell levels left.
You didn't know any spells.
Your spell library was empty.

Dungeon Overview and Level Annotations

Branches:
Dungeon (5/15)             Temple (0/1) D:4

Altars:
Ashenzari
Cheibriados
Fedhas
Gozag
Kikubaaqudgha
Ru
Uskayaw
Xom

Shops:
D:5 =


Innate Abilities, Weirdness & Mutations

You reflexively headbutt those who attack you in melee.
You have a pair of horns on your head.


Message History

You hit the giant cockroach.
The giant cockroach is almost dead.
The giant cockroach closely misses you. x2; You furiously retaliate!
You headbutt the giant cockroach!
You kill the giant cockroach!
Trog accepts your kill.
No target in view!
No target in view!
You see here a giant cockroach corpse.
Found Zalochij's Jewellery Shop.
Found 15 stones.
No target in view!
No target in view!
There is an entrance to Zalochij's Jewellery Shop here.
Are you sure you want to abandon this character and quit the game? (Confirm with "yes".)
Okay, then.
Drop what? 30/52 slots (_ for help) (? for menu, Esc to quit)
You are now empty-handed.
You drop the +8 trident of Ukeut {vorpal, rElec MP-9 Int-4 SInv}.
Are you sure you want to abandon this character and quit the game? (Confirm with "yes".)

........†...########....#
###.....#................
........#################
.##.....# #.....#
#.....#### #...8.8.8#
#....⌠.⌠.# #...8.@.8#
#....⌠.⌠(# #...8.8.8#
####....## #....# ######


There were no monsters in sight!

Vanquished Creatures
  Duvessa (D:4)
  An ogre (D:4)
  Dowan (D:4)
  A scorpion (D:4)
  3 howler monkeys
  A bullfrog zombie (D:5)
  A jelly (D:5)
  2 orc priests
  Crazy Yiuf (D:4)
  2 hounds (D:4)
  2 orc wizards
  Ijyb (D:4)
  4 worker ants
  A hound skeleton (D:4)
  6 adders
  A howler monkey skeleton (D:4)
  A shadow imp (D:5)
  A white imp (D:5)
  An ufetubus (D:5)
  A worm (D:4)
  2 dart slugs
  2 leopard geckos
  5 orcs
  3 giant cockroaches
  2 goblins
  3 hobgoblins
  18 jackals
  A quokka (D:2)
  5 bats
  4 kobolds
  12 rats
90 creatures vanquished.

Vanquished Creatures (others)
  9 fungi (D:5)
  2 plants (D:5)
11 creatures vanquished.

Grand Total: 101 creatures vanquished

Notes
Turn   | Place    | Note
-------+----------+-------------------------------------------
     0 | D:1      | Decritt the Minotaur Berserker began the quest for the Orb.
     0 | D:1      | Reached XP level 1. HP: 19/19 MP: 0/0
   117 | D:1      | Reached XP level 2. HP: 25/27 MP: 1/1
   120 | D:1      | Reached skill level 4 in Axes
   396 | D:1      | Found a broken altar of Ashenzari.
   735 | D:2      | Reached XP level 3. HP: 33/33 MP: 2/2
   989 | D:2      | Reached ** piety under Trog
  2255 | D:4      | Reached XP level 4. HP: 26/40 MP: 3/3
  2490 | D:4      | Found a runed translucent door.
  2491 | D:4      | Noticed Crazy Yiuf
  2554 | D:4      | Noticed Dowan
  2554 | D:4      | Noticed an ogre
  2554 | D:4      | Noticed Duvessa
  2564 | D:4      | Killed Duvessa
  2564 | D:4      | Reached skill level 5 in Axes
  2564 | D:4      | Reached XP level 5. HP: 47/47 MP: 4/4
  2572 | D:4      | Killed an ogre
  2572 | D:4      | Reached skill level 6 in Axes
  2572 | D:4      | Reached XP level 6. HP: 55/55 MP: 5/5
  2586 | D:4      | Reached skill level 5 in Fighting
  2605 | D:4      | Killed Dowan
  2777 | D:4      | Noticed Ijyb
  2788 | D:4      | Killed Ijyb
  2965 | D:4      | Found a staircase to the Ecumenical Temple.
  3036 | D:4      | Found an ancient bone altar of Kikubaaqudgha.
  3038 | D:4      | Found a hazy altar of Hepliaklqana.
  3038 | D:4      | Found a hide-covered altar of Uskayaw.
  3040 | D:4      | Found a sacrificial altar of Ru.
  3040 | D:4      | Found a shimmering altar of Xom.
  3040 | D:4      | Found an opulent altar of Gozag.
  3106 | D:4      | Reached XP level 7. HP: 54/61 MP: 6/6
  3210 | D:4      | Reached skill level 7 in Axes
  4357 | D:4      | Killed Crazy Yiuf
  4400 | D:5      | Entered Level 5 of the Dungeon
  4423 | D:5      | Reached skill level 5 in Armour
  4460 | D:5      | Reached *** piety under Trog
  4714 | D:5      | Found a blossoming altar of Fedhas.
  4760 | D:5      | Got a fading trident
  4760 | D:5      | Lost intelligence.
  4760 | D:5      | Identified the +8 trident of Ukeut {vorpal, rElec MP-9
                  | Int-4 SInv} (You found it on level 5 of the Dungeon)
  4877 | D:5      | Found a snail-covered altar of Cheibriados.
  4891 | D:5      | Found Zalochij's Jewellery Shop.
  4900 | D:5      | Quit the game

Illustrated notes

Levels and vault maps discovered:
D:1:      lemuel_arrival_muddy, layout_rooms, nicolae_ashenzari_panopticon
D:2:      layout_loops_ring
D:3:      layout_basic
D:4:      layout_basic, doesnt_xom_only_xom, lemuel_temple_firewalk_b,
          uniq_crazy_yiuf_cottage, uniq_ijyb, uniq_duvessa
D:5:      layout_basic, fedhas_altar_3, cheibriados_altar_1, serial_shops,
          nicolae_shop_temple_entry_statues_fountains

Skill      XL: |  1  2  3  4  5  6  7 |
---------------+----------------------+-----
Axes           | 4 5 6 7 |  7.8
Fighting       | 4 5 6 |  6.0
Armour         | 3 4 5 |  5.4
Dodging        | 3 4 |  4.9

Action                   |  1- 3 |  4- 6 |  7- 9 || total
-------------------------+-------+-------+-------++-------
Melee: Hand axe          |    68 |    44 |    42 ||   154
       Headbutt          |    11 |    10 |     6 ||    27
       Trident           |       |       |    26 ||    26
Throw: Stone             |    10 |       |       ||    10
       Boomerang         |    56 |    36 |    30 ||   122
Invok: Berserk           |       |     1 |     2 ||     3
  Use: Scroll            |     3 |       |     6 ||     9
 Stab: Sleeping          |     1 |       |       ||     1
Armor: Ring mail         |    30 |    20 |     2 ||    52
       Plate armour      |       |       |    53 ||    53
Dodge: Dodged            |    48 |    34 |    39 ||   121

Table legend: (Time is in decaauts)
 A = Elapsed time spent in this place.
 B = Non-inter-level travel time spent in this place.
 C = Inter-level travel time spent in this place.
 D = Time resting spent in this place.
 E = Time spent auto-exploring this place.
 F = Levels seen in this place.
 G = Mean time per level.
                   A        B        C        D        E       F      G
               +--------+--------+--------+--------+--------+-----+--------+
         Total |   5035 |   4909 |    126 |   1048 |   3019 |   5 | 1007.0 |
       Dungeon |   5035 |   4909 |    126 |   1048 |   3019 |   5 | 1007.0 |
               +--------+--------+--------+--------+--------+-----+--------+

Top non-repeatable levels by time:
     D:4: 2192 daAuts
     D:3: 955 daAuts
     D:2: 704 daAuts
     D:1: 599 daAuts
     D:5: 582 daAuts
